[Event "Titled Tuesday Blitz November 14 Early 2023"]
[White "Godzwon, Iwo"]
[Black "Degtiarev, Evgeny"]
[WhiteFideId "21802483"]
[BlackFideId "4149610"]
[WhiteElo "2648"]
[BlackElo "2341"]
[Result "0-1"]
[Round "5"]
[TimeControl "180+1"]
[Date "2023.11.14"]
[WhiteClock "0:00:29"]
[BlackClock "0:00:04"]
[Board "159"]

1. c4 e5 2. g3 Nf6 3. Bg2 Nc6 4. Nc3 Bc5 5. e3 d5 6. Nxd5 Nxd5 7. cxd5 Nb4 8. d4 exd4 9. exd4 Be7 10. Ne2 Nxd5 11. O-O O-O 12. Qb3 c6 13. Nc3 Nxc3 14. bxc3 Bf6 15. a4 Re8 16. a5 a6 17. Bf4 Re7 18. Rfe1 Be6 19. Qb4 Rd7 20. Rxe6 fxe6 21. Bh3 Re7 22. Re1 Qd5 23. Bd6 Ree8 24. Bc5 e5 25. Bg2 Qf7 26. Bf1 Kh8 27. Bc4 Qd7 28. Rd1 exd4 29. cxd4 Be7 30. Rb1 Bxc5 31. dxc5 Re4 32. Qb3 Rae8 33. Kg2 Qd4 34. Bf7 Rf8 35. Rd1 Qf6 36. Rd7 Re7 37. Rxe7 Qxe7 38. Be6 Qxc5 39. f4 Qe7 40. f5 h6 41. h4 Rd8 42. Qc3 Qf6 43. Qb4 Qd4 44. Qxb7 Qd2+ 45. Kh3 Qd1 46. Qxc6 h5 47. Bc4 Qg4+ 48. Kg2 Rd2+ 49. Kf1 Qd1# 0-1


[Site "https://www.chess.com"]

[Event "Titled Tuesday Blitz November 14 Early 2023"]
[White "Fernandez Siles, Luis"]
[Black "Gubajdullin, Alexei"]
[WhiteFideId "2209420"]
[BlackFideId "4141202"]
[WhiteElo "2338"]
[BlackElo "2646"]
[Result "0-1"]
[Round "5"]
[TimeControl "180+1"]
[Date "2023.11.14"]
[WhiteClock "0:01:35"]
[BlackClock "0:01:52"]
[Board "160"]

1. e4 g6 2. Nc3 Bg7 3. f4 c5 4. Nf3 d6 5. Bb5+ Bd7 6. Bxd7+ Nxd7 7. d3 Ngf6 8. O-O O-O 9. Qe1 Rb8 10. a4 a6 11. Qh4 b5 12. axb5 axb5 13. f5 b4 14. Ne2 e6 15. fxe6 fxe6 16. Ng5 Qe7 17. Nxh7 Rf7 18. Ng5 Rff8 19. Ng3 Nh5 20. Rxf8+ Rxf8 21. Nxh5 Bd4+ 22. Be3 Bxe3+ 23. Kh1 Bxg5 0-1


[Site "https://www.chess.com"]

[Event "Titled Tuesday Blitz November 14 Early 2023"]
[White "Mestnikov, Aisen"]
[Black "Borgaonkar Akshay"]
[WhiteFideId "34130117"]
[BlackFideId "25639110"]
[WhiteElo "2334"]
[BlackElo "2638"]
[Result "1-0"]
[Round "5"]
[TimeControl "180+1"]
[Date "2023.11.14"]
[WhiteClock "0:00:23"]
[BlackClock "0:00:02"]
[Board "161"]

1. d4 g6 2. c4 Bg7 3. Nf3 d6 4. e4 Nf6 5. Nc3 O-O 6. Be2 e5 7. d5 a5 8. Bg5 Na6 9. Nd2 Nc5 10. O-O h6 11. Be3 Nh7 12. b3 f5 13. f3 f4 14. Bf2 g5 15. a3 h5 16. b4 axb4 17. axb4 Rxa1 18. Qxa1 Nd7 19. c5 Ndf6 20. Nc4 g4 21. Bh4 Bh6 22. cxd6 cxd6 23. Qa5 Qe7 24. Qb6 Rd8 25. Nb5 Bg5 26. Bxg5 Nxg5 27. Nbxd6 gxf3 28. Nxc8 Rxc8 29. gxf3 Kh8 30. Kh1 Rg8 31. Rg1 Nh3 32. Rxg8+ Nxg8 33. Qe6 Qh4 34. Qxe5+ Nf6 35. Qa1 Kh7 36. Qf1 Nf2+ 37. Kg2 Nh3 38. Nd6 Ng5 39. Nf5 Qh3+ 40. Kg1 Qxf1+ 41. Kxf1 Nd7 42. h4 Ne5 1-0


[Site "https://www.chess.com"]

[Event "Titled Tuesday Blitz November 14 Early 2023"]
[White "Kleiman, Jake"]
[Black "Lopez Del Alamo, Antonio"]
[WhiteFideId "2020041"]
[BlackFideId "2227339"]
[WhiteElo "2624"]
[BlackElo "2325"]
[Result "1-0"]
[Round "5"]
[TimeControl "180+1"]
[Date "2023.11.14"]
[WhiteClock "0:00:17"]
[BlackClock "0:00:00"]
[Board "163"]

1. Nf3 Nf6 2. g3 g6 3. Bg2 Bg7 4. O-O O-O 5. d3 d5 6. Nbd2 d4 7. e4 dxe3 8. fxe3 c5 9. e4 Nc6 10. Nc4 Ng4 11. Kh1 Be6 12. Ne3 Nxe3 13. Bxe3 b6 14. c3 Qd7 15. Qe2 Bg4 16. Rad1 Bxf3 17. Bxf3 Rad8 18. Bg2 Qe6 19. a3 Rd7 20. h3 Rfd8 21. Kh2 Rd6 22. Bf4 Be5 23. Bh6 Qd7 24. Rf3 e6 25. Bg5 Rc8 26. h4 Kg7 27. Qe3 f6 28. Bh6+ Kf7 29. Qf2 Rd8 30. Bg5 Qe7 31. Bf1 Kg7 32. Be3 h6 33. Be2 g5 34. Kh3 Bxc3 35. bxc3 Ne5 36. g4 Nxf3 37. Qxf3 e5 38. Rf1 b5 39. Rb1 Qc7 40. Qf5 c4 41. d4 exd4 42. Bxd4 Rxd4 43. cxd4 Rxd4 44. Qxb5 c3 45. Qb7 Rd7 46. Qxc7 Rxc7 47. Rc1 Kf7 48. Bb5 Ke6 49. Kg3 Ke5 50. Kf3 Kd4 51. hxg5 hxg5 52. a4 c2 53. Ke2 Kc3 54. Bd3 Kb2 55. Kd2 1-0


[Site "https://www.chess.com"]

[Event "Titled Tuesday Blitz November 14 Early 2023"]
[White "Arngrimsson, Dagur"]
[Black "Zivic, Dragan"]
[WhiteFideId "2301288"]
[BlackFideId "904740"]
[WhiteElo "2526"]
[BlackElo "2323"]
[Result "1-0"]
[Round "5"]
[TimeControl "180+1"]
[Date "2023.11.14"]
[WhiteClock "0:00:35"]
[BlackClock "0:00:14"]
[Board "164"]

1. e4 c6 2. d4 d5 3. Nd2 dxe4 4. Nxe4 Bf5 5. Ng3 Bg6 6. N1e2 e6 7. h4 h6 8. Nf4 Bh7 9. Bd3 Bxd3 10. Qxd3 Nf6 11. Bd2 Bd6 12. Ngh5 Nxh5 13. Nxh5 g6 14. Nf4 Qc7 15. g3 Na6 16. O-O-O O-O-O 17. Kb1 c5 18. dxc5 Nxc5 19. Qf3 Be5 20. Bc3 Bxc3 21. Qxc3 Ne4 22. Rxd8+ Rxd8 23. Qe3 Qc6 24. Re1 b6 25. Nd3 Nc5 26. Ne5 Qc7 27. Qxh6 Ne4 28. Nd3 Nxf2 29. Nxf2 Qxg3 30. Qe3 Qxh4 31. Nd3 Qd4 32. Qf3 Qd5 33. Qxf7 g5 34. Qxe6+ Qxe6 35. Rxe6 Rg8 36. Re3 1-0


[Site "https://www.chess.com"]

[Event "Titled Tuesday Blitz November 14 Early 2023"]
[White "komogro"]
[Black "LeoLV10"]
[WhiteElo "2319"]
[BlackElo "2520"]
[Result "0-1"]
[Round "5"]
[TimeControl "180+1"]
[Date "2023.11.14"]
[WhiteClock "0:00:00"]
[BlackClock "0:00:57"]
[Board "166"]

1. e4 c6 2. c4 d5 3. cxd5 cxd5 4. exd5 Nf6 5. Nc3 g6 6. Bc4 Bg7 7. d3 O-O 8. Nf3 a6 9. a4 Nbd7 10. O-O Nb6 11. Qb3 Bg4 12. Ne5 Rc8 13. Be3 Nxc4 14. dxc4 Bf5 15. Bd4 Qc7 16. Rfe1 Ng4 17. Bb6 Qd6 18. Nxg4 Bxg4 19. h3 Bf5 20. c5 Qd7 21. Rad1 Rfe8 22. Ne4 h5 23. Ng5 Bf6 24. Qg3 Qxa4 25. d6 exd6 26. cxd6 Qb4 27. Bc7 Rxe1+ 0-1


[Site "https://www.chess.com"]

[Event "Titled Tuesday Blitz November 14 Early 2023"]
[White "VOneChess"]
[Black "Lehtosaari, Mauri"]
[BlackFideId "501999"]
[WhiteElo "2317"]
[BlackElo "2518"]
[Result "1/2-1/2"]
[Round "5"]
[TimeControl "180+1"]
[Date "2023.11.14"]
[WhiteClock "0:00:06"]
[BlackClock "0:00:44"]
[Board "167"]

1. e4 d5 2. exd5 Qxd5 3. Nc3 Qd8 4. d4 Nf6 5. Bc4 a6 6. Nf3 b5 7. Bb3 c5 8. dxc5 Qxd1+ 9. Nxd1 e6 10. Be3 Nfd7 11. a4 b4 12. O-O Bxc5 13. Re1 O-O 14. Bxc5 Nxc5 15. Bc4 Bb7 16. Nd4 Nc6 17. Nxc6 Bxc6 18. Ne3 Bxa4 19. b3 Bc6 20. Ra5 Nb7 21. Rxa6 Rxa6 22. Bxa6 Ra8 23. Bc4 Nd6 24. Rd1 Nxc4 25. Nxc4 g6 26. f3 Ra2 27. Rd8+ Kg7 28. Rb8 Rxc2 29. Rxb4 Bd5 30. Ne3 Rb2 31. Nxd5 exd5 32. Rd4 Rxb3 33. Rxd5 Rb2 34. h4 Rb4 35. h5 h6 36. hxg6 Kxg6 37. Kf2 Rb2+ 38. Kg3 f6 39. Rc5 h5 40. Ra5 Rc2 41. Rb5 Rc1 42. Ra5 Rh1 43. Rb5 h4+ 44. Kf2 Ra1 45. Rc5 f5 46. Rc8 Ra2+ 47. Kg1 Kg5 48. Kh2 Ra1 49. Rg8+ Kh5 50. Rh8+ Kg5 51. Rg8+ Kh5 52. Rh8+ Kg5 53. Rg8+ 1/2-1/2


[Site "https://www.chess.com"]

[Event "Titled Tuesday Blitz November 14 Early 2023"]
[White "Josgar05"]
[Black "Kubicka, Anna"]
[BlackFideId "1152254"]
[WhiteElo "2314"]
[BlackElo "2502"]
[Result "0-1"]
[Round "5"]
[TimeControl "180+1"]
[Date "2023.11.14"]
[WhiteClock "0:00:29"]
[BlackClock "0:00:17"]
[Board "168"]

1. Nf3 Nf6 2. b3 g6 3. Bb2 Bg7 4. g3 O-O 5. Bg2 d6 6. d4 Nc6 7. O-O e5 8. c4 exd4 9. Nxd4 Nxd4 10. Bxd4 c6 11. Bb2 Qe7 12. Nc3 Bf5 13. Qd2 Rad8 14. Rfd1 Ne4 15. Nxe4 Bxb2 16. Qxb2 Bxe4 17. Bxe4 Qxe4 18. Rd4 Qe5 19. Rad1 Rfe8 20. e3 c5 21. R4d2 Qxb2 22. Rxb2 Re6 23. Rbd2 Kf8 24. h4 Ke7 25. Kg2 h5 26. Kf3 a6 27. Ke2 b5 28. Rb1 Rb8 29. Rdb2 Kf6 30. a4 Re7 31. Rd2 Ke6 32. cxb5 axb5 33. a5 b4 34. Rbd1 Rd7 35. e4 Ra8 36. Ra1 Ra6 37. f4 d5 38. exd5+ Rxd5 39. Rc2 Kd6 40. Ke3 f5 41. Rc4 Kc6 42. Rc2 Kb5 43. Rca2 Rd7 44. Ra4 Rda7 45. Rd1 Re6+ 46. Kf3 Rxa5 47. Rxa5+ Kxa5 48. Rd7 Kb5 49. Rb7+ Kc6 50. Ra7 Kb6 51. Ra8 Kb7 52. Rd8 Kc7 53. Ra8 Kd7 54. Rb8 Kc7 55. Ra8 Rc6 56. Rg8 Kb6 57. Rb8+ Ka5 58. Ra8+ Ra6 59. Rc8 Kb5 60. Rb8+ Rb6 61. Rc8 Ra6 62. Rb8+ Kc6 63. Rc8+ Kd7 64. Rxc5 Ra3 65. Rd5+ Kc6 66. Rd3 Kc5 67. Ke2 Ra2+ 68. Kf3 Rc2 69. Rd8 Rc3+ 70. Kf2 Rxb3 71. Rg8 Rb2+ 72. Kf3 b3 73. Rxg6 Rb1 74. Rg8 b2 75. Rc8+ Kd6 76. Rb8 Rf1+ 77. Ke2 b1=Q 78. Rxb1 Rxb1 79. Kd3 Rb3+ 80. Kc4 Rxg3 81. Kd4 Rf3 82. Kc4 Rxf4+ 83. Kd3 Rxh4 84. Ke2 Rg4 85. Kf2 Ke5 86. Kf3 h4 87. Kf2 h3 88. Kf3 h2 89. Kf2 h1=Q 90. Ke3 Qh3+ 91. Kf2 Rg2+ 92. Kf1 Qh1# 0-1


[Site "https://www.chess.com"]

[Event "Titled Tuesday Blitz November 14 Early 2023"]
[White "Maect19"]
[Black "elmusmolamas"]
[WhiteElo "2314"]
[BlackElo "2499"]
[Result "0-1"]
[Round "5"]
[TimeControl "180+1"]
[Date "2023.11.14"]
[WhiteClock "0:00:05"]
[BlackClock "0:01:07"]
[Board "169"]

1. d4 d5 2. Nf3 Nc6 3. e3 Bg4 4. Be2 Nf6 5. Nbd2 e6 6. O-O Bd6 7. h3 Bh5 8. b3 O-O 9. Bb2 Re8 10. Ne5 Bxe2 11. Qxe2 Bxe5 12. dxe5 Nd7 13. f4 Ne7 14. g4 Ng6 15. c4 c6 16. Rad1 a5 17. a4 Qb6 18. Bd4 Qa6 19. Rf2 Red8 20. Nf3 dxc4 21. bxc4 Nb6 22. Rc1 Nxa4 23. f5 Nf8 24. Ng5 Rd7 25. Rcf1 h6 26. fxe6 fxe6 27. Rxf8+ Rxf8 28. Rxf8+ Kxf8 29. Nxe6+ Kg8 30. Qf3 Rf7 31. Qe4 Qxc4 32. Nf4 Nc3 33. Qc2 Rxf4 34. Bxc3 Qf1+ 0-1


[Site "https://www.chess.com"]

[Event "Titled Tuesday Blitz November 14 Early 2023"]
[White "Pumpkin_in_moonlight"]
[Black "Yaniuk, Volodymyr"]
[BlackFideId "14133083"]
[WhiteElo "2307"]
[BlackElo "2498"]
[Result "0-1"]
[Round "5"]
[TimeControl "180+1"]
[Date "2023.11.14"]
[WhiteClock "0:00:00"]
[BlackClock "0:01:42"]
[Board "170"]

1. e4 e5 2. Nf3 Nc6 3. Bc4 Bc5 4. O-O Nf6 5. d3 d6 6. Nc3 Na5 7. a3 Nxc4 8. dxc4 h6 9. b4 Bb6 10. Qd3 O-O 11. Na4 Bd7 12. Nxb6 axb6 13. b5 Be6 14. h3 Ra4 15. Nd2 Nd7 16. Qe2 Qh4 17. Bb2 Qg5 18. Kh2 f5 19. exf5 Qxf5 20. Rac1 Nc5 21. Kh1 Qf7 22. Qe3 Qf4 23. Qe2 Bxc4 24. Nxc4 Qxc4 25. Qxc4+ Rxc4 26. g3 Na4 27. Ba1 Rc5 28. Kg2 Rxb5 29. c4 Ra5 30. f4 exf4 31. gxf4 Raf5 32. Kg3 Nc5 33. Rce1 R8f7 34. Re8+ Kh7 35. h4 Nd7 36. Re3 Nf6 37. Ref3 Ne4+ 38. Kg2 Nd2 0-1


[Site "https://www.chess.com"]

[Event "Titled Tuesday Blitz November 14 Early 2023"]
[White "Hajiyev, Kanan"]
[Black "Larina, Maria"]
[WhiteFideId "13404148"]
[BlackFideId "24113182"]
[WhiteElo "2484"]
[BlackElo "2298"]
[Result "1-0"]
[Round "5"]
[TimeControl "180+1"]
[Date "2023.11.14"]
[WhiteClock "0:01:05"]
[BlackClock "0:00:10"]
[Board "171"]

1. d4 f5 2. Nf3 Nf6 3. g3 g6 4. Bg2 Bg7 5. O-O O-O 6. b3 d6 7. Bb2 a5 8. Nbd2 Na6 9. c4 c6 10. Qc2 Qc7 11. a3 Re8 12. Rae1 e5 13. e4 Nxe4 14. Nxe4 fxe4 15. Qxe4 Bf5 16. Qh4 Bd3 17. Ng5 h6 18. Ne4 g5 19. Qh5 exd4 20. Nf6+ Bxf6 21. Rxe8+ Rxe8 22. Qxe8+ Kg7 23. Re1 Bg6 24. Qe6 Nc5 25. Qg4 Nxb3 26. Be4 c5 27. Bxg6 Kxg6 28. h4 Nd2 29. Qe2 Nb3 30. Qd3+ Kg7 31. Qxb3 gxh4 32. gxh4 Bxh4 33. Qf3 Qd8 34. Qg4+ Kh7 35. Re6 Bg5 36. Qf5+ Kg8 37. Qg6+ Kh8 38. Re8+ 1-0


[Site "https://www.chess.com"]

[Event "Titled Tuesday Blitz November 14 Early 2023"]
[White "SicilianPanzer"]
[Black "a-z30"]
[WhiteElo "2298"]
[BlackElo "2479"]
[Result "1-0"]
[Round "5"]
[TimeControl "180+1"]
[Date "2023.11.14"]
[WhiteClock "0:00:24"]
[BlackClock "0:00:00"]
[Board "172"]

1. e4 c5 2. Nf3 Nc6 3. Bb5 g6 4. Bxc6 dxc6 5. d3 Nf6 6. h3 Bg7 7. a4 O-O 8. a5 Qc7 9. Be3 c4 10. O-O cxd3 11. cxd3 Rd8 12. Qc2 e5 13. Nbd2 Be6 14. Rfc1 Nd7 15. a6 c5 16. axb7 Qxb7 17. Nc4 Bxc4 18. Qxc4 Rac8 19. h4 Nb6 20. Qa6 Qxa6 21. Rxa6 Rxd3 22. Rxc5 Rxc5 23. Bxc5 Nc4 24. Rxa7 Rd1+ 25. Kh2 Rd8 26. b3 Nb2 27. Ng5 Bf8 28. Nxf7 Rb8 29. Bxf8 Kxf8 30. Nxe5 Rxb3 31. Rxh7 Nd1 32. Rd7 Rb2 33. Rxd1 Rxf2 34. Nxg6+ Kg7 35. Ne5 Re2 36. Rd7+ Kh6 37. Re7 Kh5 38. Nf3 Kg4 39. e5 Kf4 40. Re8 Ke3 41. e6 Kf2 42. e7 Kf1 43. Nd2+ Ke1 44. Nf3+ Kf1 45. h5 Rxg2+ 46. Kh3 Re2 47. h6 Kf2 48. h7 Kxf3 49. Rf8+ 1-0


[Site "https://www.chess.com"]

[Event "Titled Tuesday Blitz November 14 Early 2023"]
[White "Buscar, Michael"]
[Black "Kovalevsky, Stanislav"]
[WhiteFideId "2603616"]
[BlackFideId "13508598"]
[WhiteElo "2285"]
[BlackElo "2472"]
[Result "1-0"]
[Round "5"]
[TimeControl "180+1"]
[Date "2023.11.14"]
[WhiteClock "0:00:19"]
[BlackClock "0:00:12"]
[Board "173"]

1. d4 d5 2. c4 c6 3. Nf3 Nf6 4. e3 Ne4 5. cxd5 cxd5 6. Bb5+ Bd7 7. Bxd7+ Nxd7 8. O-O e6 9. Nfd2 Bd6 10. Nxe4 dxe4 11. Nc3 f5 12. Qh5+ g6 13. Qh6 Qe7 14. Nb5 Bb8 15. Bd2 a6 16. Rac1 Bxh2+ 17. Kxh2 axb5 18. a3 Nf6 19. Bb4 Ng4+ 20. Kg1 Nxh6 21. Bxe7 Kxe7 22. Rc7+ Kf6 23. Rfc1 Nf7 24. R1c5 b4 25. axb4 b6 26. R5c6 Rhb8 27. d5 Nd8 28. Rd6 Ke5 29. Rcd7 exd5 30. f4+ exf3 31. gxf3 Ne6 32. f4+ Kf6 33. Rxh7 Ra1+ 34. Kf2 Ra2 35. Kf3 Rxb2 36. Rc7 Rxb4 37. Rcc6 Re8 38. Rxd5 Rb3 39. Rdd6 Kg7 40. Rxe6 Rxe6 41. Rxe6 b5 42. Re7+ Kf6 43. Rb7 Ke6 44. Ke2 b4 45. Kd2 Kd5 46. Rb6 Ke4 47. Re6+ Kf3 48. Rxg6 Rxe3 49. Rh6 Ke4 50. Re6+ Kxf4 51. Rxe3 b3 52. Rxb3 Kg4 53. Ke2 f4 54. Kf2 1-0


[Site "https://www.chess.com"]

[Event "Titled Tuesday Blitz November 14 Early 2023"]
[White "Rasmussen, Casper"]
[Black "Ramla2020"]
[WhiteFideId "1402005"]
[WhiteElo "2273"]
[BlackElo "2457"]
[Result "1-0"]
[Round "5"]
[TimeControl "180+1"]
[Date "2023.11.14"]
[WhiteClock "0:00:11"]
[BlackClock "0:00:28"]
[Board "174"]

1. c4 c6 2. g3 d5 3. Bg2 g6 4. Nf3 Bg7 5. O-O Nf6 6. b3 Ne4 7. d4 O-O 8. Bb2 e6 9. Nbd2 c5 10. Nxe4 dxe4 11. Ne5 cxd4 12. Qxd4 Qc7 13. Qxe4 Nc6 14. Nxc6 Bxb2 15. Rab1 Bg7 16. Nd4 Qa5 17. a4 a6 18. Rfd1 Rb8 19. h4 h5 20. Nf3 e5 21. Rd5 Qb4 22. Rxe5 Bxe5 23. Qxe5 Bf5 24. Rb2 Rfe8 25. Qf6 Re6 26. Qd4 Qe7 27. Ng5 Rxe2 28. Rxe2 Qxe2 29. Bd5 Rf8 30. Bxb7 f6 31. Bd5+ Kh8 32. Nf7+ Rxf7 33. Bxf7 Kg7 34. Bd5 Bd3 35. c5 Qe1+ 36. Kh2 Bc2 37. c6 Qe7 38. Qc4 Bf5 39. c7 Bc8 40. b4 Qd7 41. b5 axb5 42. axb5 Qd6 43. Qc6 Qe5 44. b6 Qd4 45. Kg2 Qg4 46. b7 Qh3+ 47. Kg1 Bf5 48. c8=Q Qg4 49. Qxf5 Qxf5 50. b8=Q Qb1+ 51. Qxb1 1-0


[Site "https://www.chess.com"]

[Event "Titled Tuesday Blitz November 14 Early 2023"]
[White "Cardozo Munar, Carlos Eduardo"]
[Black "ploxoi"]
[WhiteFideId "4409477"]
[WhiteElo "2272"]
[BlackElo "2457"]
[Result "1/2-1/2"]
[Round "5"]
[TimeControl "180+1"]
[Date "2023.11.14"]
[WhiteClock "0:00:14"]
[BlackClock "0:00:37"]
[Board "175"]

1. d4 e6 2. c3 Nf6 3. Bg5 h6 4. Bh4 c5 5. e3 Nc6 6. Nd2 Qb6 7. Qb3 d5 8. f4 Bd7 9. Ngf3 Rc8 10. Ne5 Na5 11. Qxb6 axb6 12. a3 Bd6 13. b4 Nc6 14. bxc5 bxc5 15. Rb1 Na5 16. Nxd7 Nxd7 17. Rb5 b6 18. Be2 f6 19. O-O Ke7 20. Rfb1 Ra8 21. e4 Bxf4 22. Be1 dxe4 23. Nxe4 Be3+ 24. Kf1 cxd4 25. cxd4 Bxd4 26. Bb4+ Bc5 27. Nxc5 Nxc5 28. Rxb6 Rhc8 29. Rc1 Nb3 30. Rc3 Kd7 31. Bb5+ Kd8 32. Rd6+ Ke7 33. Rc6 Rxc6 34. Bxc6 Rc8 35. Ba4 Kd8 36. Bxb3 Nxb3 37. Rxb3 Rc1+ 38. Be1 g5 39. a4 Ra1 40. a5 e5 41. Rb6 Ke7 42. Ke2 Ra2+ 43. Kf3 f5 44. Bb4+ Kf7 45. a6 Rb2 46. a7 Ra2 47. Rxh6 Kg7 48. Re6 e4+ 49. Ke3 Rxa7 50. Re7+ Rxe7 51. Bxe7 Kg6 52. g3 Kh5 53. h4 gxh4 54. Bxh4 Kg4 55. Kf2 f4 56. Kg2 e3 57. gxf4 e2 58. Bg3 e1=Q 59. Bxe1 Kxf4 1/2-1/2


[Site "https://www.chess.com"]

[Event "Titled Tuesday Blitz November 14 Early 2023"]
[White "Estrada Nieto, Julian"]
[Black "alfianasybullina"]
[WhiteFideId "5101018"]
[WhiteElo "2434"]
[BlackElo "2267"]
[Result "1/2-1/2"]
[Round "5"]
[TimeControl "180+1"]
[Date "2023.11.14"]
[WhiteClock "0:00:07"]
[BlackClock "0:00:20"]
[Board "176"]

1. e4 c6 2. d4 d5 3. exd5 cxd5 4. Bd3 Nc6 5. c3 Nf6 6. Nf3 Bg4 7. Bf4 Bxf3 8. Qxf3 e6 9. O-O Qb6 10. Nd2 Be7 11. Rab1 O-O 12. Qh3 Rfe8 13. Nf3 Ne4 14. Rfe1 f5 15. Re2 Bf6 16. Rbe1 Ne7 17. Ne5 g5 18. Qh5 gxf4 19. Bxe4 Bxe5 20. Bxf5 Nxf5 21. Rxe5 Qc6 22. Qg5+ Ng7 23. h4 Rf8 24. Rxe6 Rf5 25. Rxc6 Rxg5 26. Rc7 Rg4 27. Ree7 Re8 28. Rxe8+ Nxe8 29. Rxb7 Rg7 30. Rb8 Kf7 31. Rd8 Nc7 32. Kf1 Ke7 33. Rc8 Kd7 34. Rb8 Kc6 35. b3 Rf7 36. c4 dxc4 37. bxc4 Na6 38. Rb3 Re7 39. d5+ Kc5 40. Ra3 Nb4 41. Ra4 Kxc4 42. a3 Kxd5 43. Rxb4 Ke5 44. Rb5+ Kf6 45. f3 h6 46. Kf2 Re3 47. Ra5 Re7 48. Ra6+ Kg7 49. a4 Rb7 50. g4 fxg3+ 51. Kxg3 Kh7 52. h5 Kg7 53. Kg4 Rb4+ 54. f4 Rb7 55. a5 Kh7 56. Rg6 Rb5 57. Ra6 Rb7 58. Rc6 Kg7 59. Kf5 Rf7+ 60. Ke5 Re7+ 61. Re6 Rb7 62. Rd6 Rb5+ 63. Rd5 Rb7 64. f5 Re7+ 65. Kf4 Kf7 66. Rd6 Rb7 67. Rxh6 Kg7 68. Kg5 Rb1 69. Rg6+ Kf7 70. Ra6 Rg1+ 71. Kh6 Kg8 72. Rxa7 Rf1 73. a6 Rxf5 74. Rb7 Rf6+ 75. Kg5 Rxa6 76. h6 Kh8 77. h7 Ra8 78. Rc7 Rb8 79. Rd7 Ra8 80. Re7 Rb8 81. Rf7 Ra8 82. Kg6 Ra6+ 83. Rf6 Rxf6+ 84. Kxf6 Kxh7 1/2-1/2


[Site "https://www.chess.com"]

[Event "Titled Tuesday Blitz November 14 Early 2023"]
[White "ATM622"]
[Black "Quirke, Jeffrey"]
[BlackFideId "2013029"]
[WhiteElo "2429"]
[BlackElo "2261"]
[Result "1-0"]
[Round "5"]
[TimeControl "180+1"]
[Date "2023.11.14"]
[WhiteClock "0:01:00"]
[BlackClock "0:00:00"]
[Board "177"]

1. d4 Nf6 2. c4 g6 3. g3 Bg7 4. Bg2 d5 5. Nf3 O-O 6. O-O dxc4 7. Na3 c3 8. bxc3 c5 9. Ne5 Nbd7 10. Nac4 Nxe5 11. Nxe5 Nd7 12. Nxd7 Qxd7 13. dxc5 Qb5 14. Be3 Rb8 15. Rb1 Qa5 16. c6 b5 17. Bf4 e5 18. Qd6 Bf5 19. e4 Rbd8 20. Qc5 Be6 21. Bxe5 Bxe5 22. Qxe5 a6 23. a4 Bc4 24. Rfe1 Rc8 25. axb5 axb5 26. Qc5 Qxc3 27. e5 Qa5 28. Rec1 Qc7 29. f4 Rfe8 30. Rd1 Red8 31. Rd6 Ra8 32. Rbd1 1-0


[Site "https://www.chess.com"]

[Event "Titled Tuesday Blitz November 14 Early 2023"]
[White "AnnaChessLook"]
[Black "LiadCuba"]
[WhiteElo "2257"]
[BlackElo "2429"]
[Result "0-1"]
[Round "5"]
[TimeControl "180+1"]
[Date "2023.11.14"]
[WhiteClock "0:00:08"]
[BlackClock "0:00:26"]
[Board "178"]

1. d4 d5 2. c4 e6 3. Nc3 Nf6 4. cxd5 Nxd5 5. e4 Nxc3 6. bxc3 c5 7. Nf3 c4 8. Bxc4 Qc7 9. Bb5+ Nd7 10. Bd2 a6 11. Bd3 b5 12. O-O Bb7 13. Qe2 Nb6 14. Rac1 Rc8 15. h3 Ba3 16. Rc2 O-O 17. Bc1 Be7 18. e5 Rfd8 19. Ng5 h6 20. Ne4 Bd5 21. Qg4 Kf8 22. Re1 Qb7 23. f3 b4 24. cxb4 Rxc2 25. Bxc2 Bxb4 26. Rd1 Rc8 27. Bb1 Na4 28. Be3 Be7 29. Qh5 Nc3 30. Nxc3 Rxc3 31. Bxh6 gxh6 32. Qxh6+ Ke8 33. Qh8+ Kd7 34. Qg8 Qb2 35. Be4 Rc1 36. Rxc1 Qxc1+ 37. Kh2 Bxe4 38. fxe4 Qf4+ 39. Qg3 Qxe4 40. Qc3 Bg5 41. Qb4 Bf4+ 42. Kg1 Qe3+ 43. Kf1 Qc1+ 44. Ke2 Qc2+ 45. Kf3 Bh6 46. Qb7+ Qc7 47. Qxa6 Ke7 48. Qa4 Kf8 49. Qb4+ Kg7 50. a4 Qc1 51. a5 Qe3+ 52. Kg4 Qf4+ 53. Kh5 Qg5# 0-1


[Site "https://www.chess.com"]

[Event "Titled Tuesday Blitz November 14 Early 2023"]
[White "Arnold, Ken"]
[Black "Rodriguez Santiago, Jaime"]
[WhiteFideId "2056836"]
[BlackFideId "3100898"]
[WhiteElo "2427"]
[BlackElo "2256"]
[Result "0-1"]
[Round "5"]
[TimeControl "180+1"]
[Date "2023.11.14"]
[WhiteClock "0:00:19"]
[BlackClock "0:00:27"]
[Board "179"]

1. d4 Nf6 2. Nf3 d5 3. g3 e6 4. Bg2 c5 5. O-O Nc6 6. c3 Bd6 7. Bf4 O-O 8. Nbd2 cxd4 9. Bxd6 Qxd6 10. Nxd4 e5 11. Nxc6 bxc6 12. e4 Ba6 13. Re1 Rad8 14. exd5 cxd5 15. Nf3 Rfe8 16. Qa4 Ne4 17. Rad1 Nc5 18. Qa3 e4 19. Nd4 Qb6 20. Re3 Nd3 21. Bf1 Bb7 22. Bxd3 exd3 23. Rexd3 h5 24. h4 Re4 25. R3d2 Rde8 26. Qb4 Qa6 27. Qb5 Qxb5 28. Nxb5 Re1+ 29. Kh2 d4 30. Nd6 Bf3 31. Nxe8 Bxd1 32. Kg2 Ba4 33. Nc7 Bc6+ 34. f3 dxc3 35. bxc3 Rc1 36. Na6 Rxc3 37. Rf2 f6 38. Nb4 Bb7 39. a4 g5 40. a5 g4 41. a6 Bxf3+ 42. Kg1 Rc1+ 43. Rf1 Rc4 44. Rb1 Be4 45. Rb2 Rc3 46. Re2 f5 47. Rd2 Rxg3+ 48. Kf2 Rh3 49. Rd8+ Kf7 50. Rd7+ Ke6 51. Rxa7 g3+ 52. Ke3 g2+ 53. Kf2 Rg3 54. Kg1 Rh3 55. Rg7 Rh1+ 56. Kf2 Rf1+ 57. Ke3 g1=Q+ 58. Rxg1 Rxg1 59. a7 Ra1 0-1


[Site "https://www.chess.com"]

[Event "Titled Tuesday Blitz November 14 Early 2023"]
[White "Sarkar, Justin"]
[Black "Buchenau, Frank"]
[WhiteFideId "2010011"]
[BlackFideId "4604350"]
[WhiteElo "2243"]
[BlackElo "2423"]
[Result "0-1"]
[Round "5"]
[TimeControl "180+1"]
[Date "2023.11.14"]
[WhiteClock "0:00:00"]
[BlackClock "0:01:26"]
[Board "181"]

1. d4 e6 2. c4 Nf6 3. Nc3 Bb4 4. e3 O-O 5. Bd3 c5 6. Nf3 Bxc3+ 7. bxc3 d6 8. O-O Nc6 9. Qc2 e5 10. d5 Ne7 11. Nd2 g6 12. h3 Bf5 13. e4 Bd7 14. Re1 Nh5 15. Nf1 f5 16. exf5 Bxf5 17. Bg5 Bxd3 18. Qxd3 Nf4 19. Qd2 Qd7 20. Ng3 Kg7 21. Ne4 h6 22. Bxe7 Qxe7 23. Qe3 Rf5 0-1


[Site "https://www.chess.com"]

[Event "Titled Tuesday Blitz November 14 Early 2023"]
[White "Feliz Dotel, Dewar Bienvenido"]
[Black "Foisor, Sabina-Francesca"]
[WhiteFideId "6402801"]
[BlackFideId "1212915"]
[WhiteElo "2161"]
[BlackElo "2423"]
[Result "0-1"]
[Round "5"]
[TimeControl "180+1"]
[Date "2023.11.14"]
[WhiteClock "0:00:01"]
[BlackClock "0:01:43"]
[Board "182"]

1. d4 d5 2. e3 Nf6 3. Nf3 c5 4. dxc5 Nc6 5. a3 a5 6. Bb5 Bg4 7. c4 e6 8. Qa4 Qc7 9. Nd4 Bxc5 10. Nxc6 O-O 11. Nd4 dxc4 12. O-O e5 13. Nf3 Bxf3 14. gxf3 e4 15. f4 Rad8 16. Nc3 Qc8 17. Ne2 Qh3 18. Rd1 Ng4 19. Bd7 Qxh2+ 20. Kf1 Qxf2# 0-1


[Site "https://www.chess.com"]